Map: Backwater LE

Players

fruitcake - Winner!

  • Race: Protoss Protoss
  • Spawn Location: 5:00

A.I. 1 (Very Hard)

  • Race: Protoss Protoss
  • Spawn Location: 11:00

VOD

Have the link to the VOD?

Description

Time

  • Played on: May 5, 2018, 6:55 p.m.
  • Length: 10:07
Show
View Real Time Build Order
Export as new Build Order

fruitcake Protoss - Winner!

Build Orders:  

Get SALT Encoding   

  1  0:00  Probe  
  13  0:14  Pylon  
  13  0:16  Probe  
  14  0:25  Assimilator  
  14  0:29  Probe  
  15  0:41  Probe  
  16  0:46  Gateway  
  16  0:53  Probe  
  17  1:02  Probe  
  17  1:10  Probe  
  19  1:20  Probe  
  19  1:24  Pylon  
  20  1:34  Zealot  
  22  1:43  Assimilator  
  22  1:51  Cybernetics Core  
  22  1:58  Zealot  
  22  2:05  Nexus  
  24  2:19  Probe  
  24  2:20  Warp Gate  
  25  2:24  Zealot  
  27  2:31  Probe  
  28  2:40  Gateway  
  28  2:52  Stalker  
  30  3:04  Robotics Facility  
  30  3:14  Probe  
  30  3:17  Probe  
  32  3:22  Probe  
  33  3:29  Probe  
  33  3:31  Probe  
  35  3:35  Gateway  
  35  3:40  Gateway  
  35  3:49  Probe  
  35  3:50  Probe  
  37  3:58  Assimilator  
  37  4:01  Probe  
  37  4:02  Probe  
  39  4:08  Immortal  
  43  4:13  Probe  
  43  4:14  Probe  
  45  4:25  Probe  
  46  4:36  Pylon  
  46  4:40  Pylon  
  46  4:44  Pylon  
  46  4:46  Assimilator  
  46  4:48  Immortal  
  46  4:54  Probe x2  
  46  4:56  Pylon  
  52  5:03  Stalker x2  
  52  5:04  Forge  
  52  5:07  Probe x2  
  58  5:12  Stalker x2  
  62  5:18  Immortal  
  66  5:35  Stalker x2  
  68  5:36  Stalker  
  68  5:38  Probe  
  73  5:46  Probe  
  73  5:52  Stalker  
  76  6:03  Pylon, Gateway  
  76  6:22  Protoss Ground Weapons Level 1  
  76  6:23  Gateway  
  76  6:26  Stalker x4  
  84  6:51  Pylon  
  84  6:53  Pylon  
  84  6:55  Stalker  
  84  6:56  Pylon  
  86  7:05  Probe  
  86  7:09  Immortal  
  91  7:15  Nexus  
  91  7:16  Probe  
  91  7:21  Stalker x3  
  98  7:45  Stalker x5  
  108  7:53  Warp Prism  
  110  8:00  Pylon  
  110  8:03  Pylon  
  110  8:11  Pylon  
  110  8:15  Pylon  
  102  8:29  Immortal  
  94  8:36  Stalker x2  
  94  8:37  Stalker x4  
  96  9:04  Stalker  
  96  9:07  Stalker x2  
  96  9:08  Stalker x3  
  106  9:26  Immortal  
  106  9:29  Probe  
  111  9:39  Stalker x2  
Show
View Real Time Build Order
Export as new Build Order

A.I. 1 (Very Hard) Protoss 

Build Orders: Mass Adepts, Zealot Archon 

Get SALT Encoding   

  12  0:00  Probe  
  13  0:13  Probe  
  14  0:19  Pylon  
  14  0:25  Probe  
  15  0:33  Probe  
  15  0:39  Gateway  
  15  0:41  Probe  
  16  0:47  Assimilator  
  17  0:51  Probe  
  18  0:59  Pylon, Probe  
  19  1:07  Probe  
  20  1:18  Probe  
  21  1:26  Zealot  
  21  1:31  Cybernetics Core  
  23  1:38  Gateway  
  23  1:40  Probe  
  24  1:50  Zealot  
  24  1:51  Pylon  
  24  1:52  Probe  
  27  2:05  Probe  
  27  2:08  Warp Gate  
  28  2:15  Adept  
  28  2:17  Probe  
  31  2:25  Adept  
  33  2:30  Gateway  
  33  2:40  Gateway  
  33  2:41  Stalker  
  35  2:52  Stalker  
  37  2:59  Pylon, Probe  
  37  3:05  Assimilator  
  38  3:11  Probe  
  39  3:13  Adept  
  39  3:18  Adept  
  43  3:25  Stalker  
  45  3:31  Stalker  
  47  3:40  Pylon  
  47  3:55  Adept  
  47  3:58  Adept x3  
  55  4:08  Pylon  
  55  4:29  Zealot  
  57  4:33  Adept x2  
  57  4:35  Zealot  
  63  4:39  Pylon  
  63  4:48  Robotics Facility  
  63  4:57  Adept x2  
  67  5:03  Adept  
  69  5:10  Adept  
  71  5:19  Pylon  
  71  5:23  Pylon  
  71  5:37  Immortal  
  75  5:42  Stalker  
  77  5:54  Twilight Council  
  77  6:16  Pylon  
  77  6:34  Templar Archives  
  77  6:46  Nexus  
  77  7:10  Sentry  
  77  7:12  High Templar x2  
  83  7:24  Observer  
  83  7:26  Archon  
  84  7:30  Pylon  
  84  7:51  High Templar  
  86  7:59  Probe x2  
  88  8:06  Assimilator  
  88  8:09  Assimilator  
  88  8:11  Probe  
  88  8:12  Probe  
  90  8:19  High Templar, Zealot x3  
  98  8:23  Probe  
  98  8:24  Probe  
  78  8:34  Zealot  
  78  8:35  Probe  
  78  8:36  Probe  
  78  8:40  High Templar, Zealot  
  64  8:47  Probe  
  48  8:49  Probe  
  48  8:50  Stalker  
  48  8:52  Zealot  
  51  9:00  High Templar  
  42  9:13  Zealot  
  29  9:21  High Templar  
  22  9:31  Zealot  
  23  9:48  Zealot  
  23  9:49  High Templar  
  18  9:53  Zealot  
  18  9:59  Zealot  
Tags
 
Add a new tag
Caveats
  • Supply blocks, unpowered buildings, or Contaminate may cause inaccurate times.
  • Supply counts are checked every 10 seconds.